 Dungeon Crawl Stone Soup version 0.24-a0-497-g5a03d68f59 (webtiles) character file.

Game seed: 5561721259445785216

69 KristoblXynda the Slasher (level 4, -3/37 HPs)
             Began as a Draconian Gladiator on July 13, 2019.
             Slain by an ogre
             ... wielding a +0 giant club
              (25 damage)
             ... on level 4 of the Dungeon.
             The game lasted 00:02:43 (2721 turns).

KristoblXynda the Slasher (Draconian Gladiator)     Turns: 2721, Time: 00:02:44

Health: -3/37      AC:  5    Str: 16    XL:     4   Next: 2%
Magic:  4/4        EV: 13    Int: 10    God:
Gold:   150        SH:  0    Dex: 12    Spells: 3/3 levels left

rFire    . . .     SeeInvis .   a - +0 long sword
rCold    . . .     Gourm    .   (no shield)
rNeg     . . .     Faith    .   (armour unavailable)
rPois    .         Spirit   .   b - +0 hat
rElec    .         Reflect  .   (no cloak)
rCorr    .         Harm     .   (no gloves)
MR       .....                  (no boots)
Stlth    +.........             (no amulet)
HPRegen  0.12/turn              (no ring)
MPRegen  0.09/turn              (no ring)

@: no status effects
A: unfitting armour, cold-blooded, AC +5
a: no special abilities


You were on level 4 of the Dungeon.
You were not hungry.

You visited 1 branch of the dungeon, and saw 4 of its levels.

You collected 150 gold pieces.

Inventory:

Hand Weapons
 a - a +0 long sword (weapon)
Missiles
 c - 3 throwing nets (quivered)
Armour
 b - a +0 hat (worn)
 o - a +0 shield
Scrolls
 e - 4 scrolls of teleportation
 k - 4 scrolls of amnesia {unknown}
 l - 3 scrolls of identify {unknown}
 n - a scroll of remove curse {unknown}
 q - a scroll of enchant weapon {unknown}
Potions
 f - a potion of invisibility {unknown}
 g - a potion of brilliance {unknown}
 h - 2 potions of agility {unknown}
 i - 2 potions of cancellation {unknown}
 j - 2 potions of degeneration {unknown}
 m - 2 potions of curing {unknown}
 p - 3 potions of mutation {unknown}
 s - a potion of heal wounds {unknown}
Comestibles
 d - 5 rations
 r - 3 chunks of flesh


   Skills:
 + Level 2.8 Fighting
 * Level 4.1 Long Blades
 - Level 2.0 Throwing
 + Level 3.1 Dodging


You had 3 spell levels left.
You didn't know any spells.
Your spell library was empty.

Dungeon Overview and Level Annotations

Branches:
Dungeon (4/15)
 Temple: D:4-7

Altars:
The Shining One


Innate Abilities, Weirdness & Mutations

Your plain brown scales are hard. (AC +5)
You cannot fit into any form of body armour.
You are cold-blooded and may be slowed by cold attacks.


Message History

You now have 150 gold pieces (gained 16).
Found a plate armour.
HP restored.
You see here a plate armour.
Eating one of 4 chunks of flesh.
You eat one of the 4 chunks of flesh.
This raw flesh tastes terrible.
An ogre comes into view. It is wielding a +0 giant club.
An ogre is nearby!
An ogre is nearby!
An ogre is nearby!
The ogre shouts!
The ogre completely misses you.
You hit the ogre.
The ogre is moderately wounded.
The ogre hits you with a +0 giant club!
You hit the ogre but do no damage.
The ogre is moderately wounded.
The ogre hits you with a +0 giant club!!
Ouch! That really hurt!
You die...

..#...## #.# .###.## #.#
.###.# #.# .....# ##.##
####+## ##...## ##...##
#.....# ##.....##
##...##
#.......######..###
.........##.....@.#
.........+.......O......
.........##.#...#.####..
........# #.##.##.#
.#.....## # #. .#
<##...## .. .# .###'##
##. ## .# #.######## ##
#.......(.


You could see an ogre.

Vanquished Creatures
  3 adders (D:2)
  2 giant cockroaches
  6 goblins
  7 hobgoblins
  4 jackals (D:4)
  5 bats
  2 frilled lizards (D:2)
  6 kobolds (D:1)
  5 rats
40 creatures vanquished.

Vanquished Creatures (others)
  A goblin (D:1)
1 creature vanquished.

Grand Total: 41 creatures vanquished

Notes
Turn   | Place    | Note
-------+----------+-------------------------------------------
     0 | D:1      | KristoblXynda the Draconian Gladiator began the quest for
                  | the Orb.
     0 | D:1      | Reached XP level 1. HP: 17/17 MP: 1/1
   471 | D:1      | Reached XP level 2. HP: 24/24 MP: 2/2
   834 | D:2      | Reached XP level 3. HP: 28/30 MP: 3/3
   853 | D:2      | Found a glowing golden altar of the Shining One.
  1523 | D:2      | Reached skill level 4 in Long Blades
  2616 | D:4      | Reached XP level 4. HP: 32/37 MP: 4/4
  2718 | D:4      | Noticed an ogre
  2721 | D:4      | Slain by an ogre

Levels and vault maps discovered:
D:1:      dpeg_arrival_houses_and_road, layout_loops_ring, lemuel_old_faithful
D:2:      layout_basic, tso_metal_star, first_ration
D:3:      layout_loops_corners, chequers_serial_rivers_micro_a
D:4:      layout_loops_corners, uniq_robin, uniq_edmund

Skill      XL: |  1  2  3 |
---------------+----------+-----
Throwing       | 2 |  2.0
Dodging        | 3 |  3.1
Long Blades    | 4 |  4.1
Fighting       | |  2.8

Action                   |  1- 3 |  4- 6 || total
-------------------------+-------+-------++-------
Melee: Long sword        |    80 |     4 ||    84
       Tailslap          |    10 |       ||    10
  Use: Scroll            |     1 |       ||     1
 Stab: Sleeping          |     2 |       ||     2
  Eat: Chunk             |     4 |     2 ||     6
Armor: Skin              |    24 |       ||    24
Dodge: Dodged            |    71 |     2 ||    73
       Rpst.: Long sword |    25 |     1 ||    26

Table legend:
 A = Non-vault XP
 B = Vault XP
 C = Vault XP percentage of total XP
 D = Non-vault monster count
 E = Vault monster count
 F = Vault count percentage of total count
                 A         B        C        D         E       F
            +---------+---------+-------+---------+---------+-------
      Total |      99 |       0 |   0.0 |      40 |       0 |   0.0
            +---------+---------+-------+---------+---------+-------
        D:1 |      30 |       0 |   0.0 |      20 |       0 |   0.0
        D:2 |      56 |       0 |   0.0 |      13 |       0 |   0.0
        D:3 |       5 |       0 |   0.0 |       3 |       0 |   0.0
        D:4 |       8 |       0 |   0.0 |       4 |       0 |   0.0
            +---------+---------+-------+---------+---------+-------
